[Event "*** Titled Tuesday Blitz"]
[Site "Chess.com"]
[Date "2020.12.01"]
[Round "7"]
[White "Chuchofrio1"]
[Black "niki_2003"]
[Result "1-0"]
[WhiteElo "2443"]
[BlackElo "2015"]
[TimeControl "180+1"]
[EndTime "11:12:36 PST"]
[Termination "Chuchofrio1 won by resignation"]

1. e4 c5 2. Nc3 a6 3. f4 b5 4. Nf3 Bb7 5. d3 e6 6. g3 d5 7. e5 h5 8. Bg2 Nh6 9. O-O Nf5 10.
Ne2 Nc6 11. c3 d4 12. cxd4 cxd4 13. a4 b4 14. b3 a5 15. Bb2 Bc5 16. Rc1 Ba7 17. Rc4 Ne3 18. Qc1 Nxc4 19. Qxc4 Rc8 20. Qb5 Qb6 21. Nfxd4 Qxb5 22. axb5 Nxd4 23. Bxd4 Bxd4+ 24. Nxd4 Bxg2 25. Kxg2 O-O 26. Kf3 Rfd8 27. Ke4 Rd5 28.
Rd1 Rcd8 29. Nc6 Rc8 30. Ne7+ Kf8 31. Nxc8 Rxb5 32. Nd6 Rc5 33. Nc4 Ke7 34. d4 Rc8 35. d5 1-0

[Event "*** Titled Tuesday Blitz"]
[Site "Chess.com"]
[Date "2020.12.01"]
[Round "7"]
[White "Legendinunknown"]
[Black "IMVoja"]
[Result "1-0"]
[WhiteElo "2668"]
[BlackElo "2485"]
[TimeControl "180+1"]
[EndTime "11:12:37 PST"]
[Termination "Legendinunknown won by resignation"]

1. d4 e6 2. c4 f5 3. g3 Nf6 4.
Bg2 d5 5. Nf3 c6 6. b3 Bd6 7. O-O Qe7 8. a4 a5 9. Ba3 Bxa3 10. Nxa3 Na6 11. Nc2 O-O 12. Ne5 Bd7 13.
Qd2 b6 14. f3 Rac8 15. Rae1 c5 16. e4 fxe4 17. fxe4 cxd4 18. exd5 exd5 19. Ng6 Qc5 20. Nxf8 d3+ 21. Kh1 Rxf8 22. Qxd3 Bc6 23. cxd5 Bxd5 24. Bxd5+ Nxd5 25. Rxf8+ Kxf8 26. Qxa6 Qxc2 27. Qa8+ 1-0

[Event "*** Titled Tuesday Blitz"]
[Site "Chess.com"]
[Date "2020.12.01"]
[Round "7"]
[White "Region_07"]
[Black "Vanina1989"]
[Result "0-1"]
[WhiteElo "2469"]
[BlackElo "2652"]
[TimeControl "180+1"]
[EndTime "11:12:37 PST"]
[Termination "Vanina1989 won by resignation"]

1. d4 Nf6 2. Bg5 d5 3. Nd2 c5 4. e3 Qb6 5. Ngf3 Qxb2 6. Rb1 Qc3 7. Rb3 Qa5 8. c4 cxd4 9. Nxd4 dxc4 10. Bxc4 Qxg5 11. O-O e6 12. Nb5 Na6 13. f4 Qc5 14. Rd3 Be7 15. Qa4 O-O 16. Nb3 Qb6 17. Rfd1 Nb4 18.
Rc3 Nbd5 19. Bxd5 Nxd5 0-1

[Event "*** Titled Tuesday Blitz"]
[Site "Chess.com"]
[Date "2020.12.01"]
[Round "7"]
[White "skoularikii"]
[Black "Colombiano07"]
[Result "0-1"]
[WhiteElo "2437"]
[BlackElo "2303"]
[TimeControl "180+1"]
[EndTime "11:12:38 PST"]
[Termination "Colombiano07 won by resignation"]

1. e4 c5 2. Nf3 Nc6 3. Bb5 e6 4. O-O Nge7 5. c3 a6 6. Ba4 b5 7.
Bc2 d5 8. d4 Bb7 9. Bg5 cxd4 10.
cxd4 Nb4 11. Nc3 Nxc2 12. Qxc2 b4 13. exd5 bxc3 14. Ne5 Qxd5 15. Qa4+ Bc6 16. Nxc6 Qxc6 17. Qa5 cxb2 18. Rab1 Qb5 19. Qd2 Rb8 20. Bf4 Rb7 21. Qc3 Qc6 22. Qd2 Nd5 23. Rxb2 Nxf4 0-1

[Event "*** Titled Tuesday Blitz"]
[Site "Chess.com"]
[Date "2020.12.01"]
[Round "7"]
[White "SlavenPastar"]
[Black "leoduarte"]
[Result "1-0"]
[WhiteElo "2516"]
[BlackElo "2334"]
[TimeControl "180+1"]
[EndTime "11:12:50 PST"]
[Termination "SlavenPastar won by resignation"]

1. b3 d5 2. Bb2 Bf5 3. Nf3 e6 4. g3 Nf6 5. Nh4 Bg4 6. h3 Bh5 7. g4 Bg6 8. Nxg6 hxg6 9. Bg2 Bd6 10. c4 c6 11. d3 Nbd7 12. Nd2 Qc7 13. a3 O-O-O 14. b4 Kb8 15. Qb3 e5 16. cxd5 cxd5 17. Rc1 Qb6 18. Bxd5 Nxd5 19. Qxd5 f5 20. Nc4 Nf6 21.
Nxb6 1-0

[Event "*** Titled Tuesday Blitz"]
[Site "Chess.com"]
[Date "2020.12.01"]
[Round "7"]
[White "Jungle_Jaguar"]
[Black "KetiGrant"]
[Result "0-1"]
[WhiteElo "2529"]
[BlackElo "2376"]
[TimeControl "180+1"]
[EndTime "11:12:52 PST"]
[Termination "KetiGrant won by resignation"]

1. e4 c5 2. Nf3 Nc6 3. Bb5 g6 4.
Bxc6 dxc6 5. d3 Bg7 6. h3 e5 7.
Nc3 Qe7 8. Be3 Nf6 9. Qd2 h6 10. O-O Nd7 11. Nh2 Nf8 12. f4 exf4 13. Bxf4 Ne6 14.
Be3 Nd4 15. Rae1 Be6 16. e5 O-O-O 17. Nf3 Nxf3+ 18. Rxf3 Bxe5 19. Bxh6 Bd4+ 20. Be3 Qh4 21. Ne4 Bd5 22. Bxd4 cxd4 23. Qf4 Qxe1+ 24. Rf1 Qe3+ 0-1

[Event "*** Titled Tuesday Blitz"]
[Site "Chess.com"]
[Date "2020.12.01"]
[Round "7"]
[White "nonsopolo1"]
[Black "MFBerna"]
[Result "0-1"]
[WhiteElo "2211"]
[BlackElo "2426"]
[TimeControl "180+1"]
[EndTime "11:13:01 PST"]
[Termination "MFBerna won by resignation"]

1. e4 d5 2. exd5 Nf6 3. Nc3 Nxd5 4. Bc4 e6 5. Qf3 c6 6. Nge2 Nd7 7. d4 Be7 8. O-O N7f6 9. a3 Nxc3 10. bxc3 O-O 11. h3 Qc7 12. Bd3 c5 13. Bf4 Qc6 14. Qxc6 bxc6 15.
Rab1 Nd5 16. Bd2 c4 17. Bxc4 Bxa3 18. Bd3 Be7 19. Be4 Ba6 20. Rfe1 Rfb8 21. Bf4 Rxb1 22. Rxb1 Bxe2 23. Bd2 a5 24. Rb7 Bf8 0-1

[Event "*** Titled Tuesday Blitz"]
[Site "Chess.com"]
[Date "2020.12.01"]
[Round "7"]
[White "Fortitudine"]
[Black "Eliwood44"]
[Result "0-1"]
[WhiteElo "2353"]
[BlackElo "2481"]
[TimeControl "180+1"]
[EndTime "11:13:02 PST"]
[Termination "Eliwood44 won by resignation"]

1. c4 e6 2. Nf3 Nf6 3. b3 d5 4. Bb2 c5 5. g3 d4 6. e3 Nc6 7. exd4 cxd4 8. Bg2 e5 9. O-O Bd6 10. Re1 O-O 11. d3 h6 12. Na3 Bf5 13. Nc2 Re8 14. a3 a5 15. Qd2 Qb6 16. Rab1 Qxb3 17. Bxd4 Qxd3 0-1

[Event "*** Titled Tuesday Blitz"]
[Site "Chess.com"]
[Date "2020.12.01"]
[Round "7"]
[White "OlifantCZ"]
[Black "Nadeev_Sergey"]
[Result "1-0"]
[WhiteElo "2253"]
[BlackElo "2438"]
[TimeControl "180+1"]
[EndTime "11:13:17 PST"]
[Termination "OlifantCZ won by resignation"]

1. c4 e5 2. g3 Nf6 3. Bg2 d5 4. cxd5 Nxd5 5. Nc3 Nb6 6. Nf3 Nc6 7. O-O Be7 8. b3 O-O 9. Bb2 f5 10. d3 Be6 11.
Rc1 Qd7 12. e4 f4 13. Ne2 fxg3 14. hxg3 Bf6 15. Rxc6 Qxc6 16. Nxe5 Qe8 17. Nf4 Bf7 18. d4 Bxe5 19. dxe5 Rd8 20. Qc2 c6 21. Bh3 g5 22.
e6 1-0

[Event "*** Titled Tuesday Blitz"]
[Site "Chess.com"]
[Date "2020.12.01"]
[Round "7"]
[White "CM_rui"]
[Black "Gudmundur_Kjartansson"]
[Result "0-1"]
[WhiteElo "2382"]
[BlackElo "2559"]
[TimeControl "180+1"]
[EndTime "11:13:18 PST"]
[Termination "Gudmundur_Kjartansson won by resignation"]

1. e4 c5 2. Nf3 d6 3. c4 Nc6 4. d4 cxd4 5. Nxd4 e5 6. Nc2 f5 7. Nc3 f4 8. Be2 Nf6 9. O-O Be7 10. b4 O-O 11. a4 Be6 12. Ba3 Rc8 13. f3 Rf7 14. Nd5 Bf8 15. Qd2 g5 16. h3 h5 17.
a5 g4 18. hxg4 hxg4 19. Kf2 Nxe4+ 20. fxe4 Qh4+ 21. Kg1 g3 0-1

[Event "*** Titled Tuesday Blitz"]
[Site "Chess.com"]
[Date "2020.12.01"]
[Round "7"]
[White "PlotnikovPavel"]
[Black "tk22h"]
[Result "1-0"]
[WhiteElo "2478"]
[BlackElo "2333"]
[TimeControl "180+1"]
[EndTime "11:13:28 PST"]
[Termination "PlotnikovPavel won by resignation"]

1. e4 e5 2. Nf3 Nc6 3. Bc4 Nf6 4. d3 Be7 5. O-O O-O 6. c3 d6 7. Bb3 Na5 8. Bc2 c5 9. Nbd2 Nc6 10. Re1 h6 11. Nf1 Re8 12. Ng3 Bf8 13. Nh4 g6 14. h3 Bg7 15. Bb3 Be6 16. Bxe6 Rxe6 17. Nf3 d5 18. Be3 d4 19. Bd2 Qe7 20. Qb3 Rd8 21. cxd4 Nxd4 22. Nxd4 Rxd4 23. Be3 Rd7 24. Rac1 b6 25.
Red1 Red6 26. Qc2 Qd8 27. Qa4 Rxd3 28. Rxd3 Rxd3 29. Qxa7 Rd7 30. Qa4 Kh7 31. Qb3 Kg8 32. a3 Rd3 33. Qc2 Qd7 34. Kh2 Ne8 35. b4 cxb4 36.
axb4 Bf8 37. Qc8 b5 38. Qxd7 Rxd7 39. Rc8 Nd6 40. Rb8 Kg7 41. Bc5 Be7 42. f3 f5 43.
exf5 gxf5 44. Bxd6 Bxd6 45. Nxf5+ Kg6 46. Nxd6 Rxd6 47. Rxb5 1-0

[Event "*** Titled Tuesday Blitz"]
[Site "Chess.com"]
[Date "2020.12.01"]
[Round "7"]
[White "TigrVShlyape"]
[Black "Azerichess"]
[Result "0-1"]
[WhiteElo "2851"]
[BlackElo "2969"]
[TimeControl "180+1"]
[EndTime "11:13:34 PST"]
[Termination "Azerichess won by resignation"]

1. d4 d5 2. Nf3 c5 3. c4 cxd4 4.
cxd5 Qxd5 5. Nc3 Qa5 6. Nxd4 Nf6 7. g3 e5 8. Nb3 Qc7 9. Bg2 Bb4 10.
Bd2 O-O 11. O-O Rd8 12. Rc1 Nc6 13. Qc2 Be6 14. Bg5 Rac8 15. Ne4 Be7 16. Bxf6 gxf6 17. Nec5 Bxc5 18. Nxc5 Nd4 19. Nxe6 Qxc2 20. Rxc2 fxe6 21. Rxc8 Nxe2+ 22. Kh1 Rxc8 23. Bxb7 Rb8 24. Ba6 Rxb2 25.
Bc4 Nd4 26. f4 e4 27. f5 Nf3 0-1

[Event "*** Titled Tuesday Blitz"]
[Site "Chess.com"]
[Date "2020.12.01"]
[Round "7"]
[White "Mambastik-Fantastic"]
[Black "JiiHart"]
[Result "1-0"]
[WhiteElo "2315"]
[BlackElo "2102"]
[TimeControl "180+1"]
[EndTime "11:13:37 PST"]
[Termination "Mambastik-Fantastic won by resignation"]

1. e4 c5 2. Nf3 Nc6 3. d4 cxd4 4. Nxd4 Nf6 5. Nc3 d6 6. Be2 e5 7. Nf3 h6 8. h3 Be6 9. O-O a6 10.
Re1 Be7 11. Bf1 O-O 12. Nd5 Bxd5 13. exd5 Nb8 14. c4 Nbd7 15. Be3 b6 16. b4 a5 17. a3 axb4 18. axb4 Rxa1 19. Qxa1 Qa8 20. Nd2 Rc8 21.
Bd3 Qb7 22. Qb2 Ra8 23. Ra1 Ne8 24. Bf5 Nef6 25. g3 Bf8 26. h4 g6 27. Bh3 Kg7 28. Bg2 Be7 29. Rxa8 Qxa8 30. c5 bxc5 31. bxc5 dxc5 32. d6 Qb8 33. Qxb8 Nxb8 34. dxe7 c4 35. Nxc4 1-0

[Event "*** Titled Tuesday Blitz"]
[Site "Chess.com"]
[Date "2020.12.01"]
[Round "7"]
[White "queen_iryna"]
[Black "plumalka"]
[Result "0-1"]
[WhiteElo "2312"]
[BlackElo "2483"]
[TimeControl "180+1"]
[EndTime "11:13:41 PST"]
[Termination "plumalka won by resignation"]

1. e4 c5 2. Nf3 d6 3. Bb5+ Bd7 4. Bxd7+ Qxd7 5. c4 e5 6. O-O g6 7. Nc3 Bg7 8. d3 Ne7 9. h3 O-O 10. Nh2 f5 11. f4 Nbc6 12. Nf3 exf4 13. exf5 Nxf5 14. Nd5 Ng3 15. Re1 Nh5 16. Bd2 Bxb2 17. Rb1 Bg7 18. Qc1 Rae8 19. Rxe8 Rxe8 20. Nxf4 Nd4 21. Nxd4 Bxd4+ 22.
Kh1 Ng3+ 23. Kh2 Ne2 24. Nxe2 Rxe2 25. Bf4 Qc6 26. Qf1 Rf2 27. Qh1 Rxf4 28. Re1 Be5 0-1

[Event "*** Titled Tuesday Blitz"]
[Site "Chess.com"]
[Date "2020.12.01"]
[Round "7"]
[White "SanchezKelvin"]
[Black "KventinKarantino"]
[Result "1-0"]
[WhiteElo "2473"]
[BlackElo "2298"]
[TimeControl "180+1"]
[EndTime "11:13:42 PST"]
[Termination "SanchezKelvin won by resignation"]

1. e4 c5 2. Nf3 d6 3. d4 cxd4 4.
Nxd4 Nf6 5. Nc3 g6 6. f3 Bg7 7. Be3 O-O 8. Qd2 Nc6 9. Bc4 Bd7 10.
h4 Rc8 11. Bb3 Na5 12. h5 Nxb3 13. axb3 a6 14. Bh6 Bxh6 15. Qxh6 e5 16. Nde2 Be6 17. O-O-O Qa5 18. Kb1 Rfd8 19. Qg5 Ne8 20. hxg6 fxg6 21. Qe7 Ng7 22. Qh4 h5 23. g4 hxg4 24. fxg4 Kf7 25. Rdf1+ Ke8 26. Qh8+ 1-0

[Event "*** Titled Tuesday Blitz"]
[Site "Chess.com"]
[Date "2020.12.01"]
[Round "7"]
[White "ChessWarrior7197"]
[Black "Valeron76"]
[Result "1-0"]
[WhiteElo "2976"]
[BlackElo "2558"]
[TimeControl "180+1"]
[EndTime "11:13:52 PST"]
[Termination "ChessWarrior7197 won by resignation"]

1. c4 g6 2. Nc3 Bg7 3. Nf3 Nh6 4. g3 O-O 5. Bg2 f6 6. O-O Nf7 7. d4 c6 8. e4 e5 9. dxe5 fxe5 10. c5 b6 11. b4 a5 12. Ba3 axb4 13. Bxb4 Na6 14.
Ba3 Nxc5 15. Bxc5 bxc5 16. Nd2 d6 17. Re1 Be6 18. a4 Qa5 19. Qc2 Rfb8 20. Bf1 Rb4 21.
Reb1 Rab8 22. h4 Rxb1 23. Rxb1 Rb4 24. Nb3 Qb6 25. a5 Qa7 26. a6 c4 27. Na5 Rxb1 28.
Nxb1 Qxa6 29. Nxc4 Qc8 30. Na5 Nd8 31. Nd2 d5 32.
exd5 cxd5 33. Qb3 Nc6 34. Nxc6 Qxc6 35. Qb8+ Qc8 36. Qb6 e4 37. Ba6 Qd7 38. Nb3 d4 39.
Nc5 Qd5 40. Nxe6 d3 41. Qb8+ Kf7 42. Ng5+ Kf6 43. Qf4+ Ke7 44. Qxe4+ 1-0

[Event "*** Titled Tuesday Blitz"]
[Site "Chess.com"]
[Date "2020.12.01"]
[Round "7"]
[White "snowlord"]
[Black "Jospem"]
[Result "0-1"]
[WhiteElo "2811"]
[BlackElo "2969"]
[TimeControl "180+1"]
[EndTime "11:14:00 PST"]
[Termination "Jospem won by resignation"]

1. e4 e5 2. Nf3 Nc6 3. Bc4 Bc5 4. c3 Nf6 5. d3 d6 6. O-O a5 7. a4 h6 8. Nbd2 O-O 9. h3 Be6 10.
Bb5 Ne7 11. d4 exd4 12. cxd4 Bb6 13. Re1 d5 14. e5 Nd7 15. Ra3 c6 16. Bf1 c5 17.
dxc5 Bxc5 18. Rb3 Bb4 19. Nd4 Nc6 20. Nxe6 fxe6 21. Qg4 Qe7 22. Qh5 Rf5 23. Qd1 Raf8 24. Rf3 Rxf3 25. gxf3 Ndxe5 26. Bg2 Nd3 27. Re3 Nxc1 28.
Qxc1 Nd4 29. Nf1 Nf5 30. Re2 Bc5 31. Qe1 Qg5 32. Kh1 Nd4 33. Re5 Qf6 34. Nh2 Bd6 35.
Rh5 Qf4 36. Ng4 Rc8 0-1

[Event "*** Titled Tuesday Blitz"]
[Site "Chess.com"]
[Date "2020.12.01"]
[Round "7"]
[White "Skat2704"]
[Black "PetrolulSah"]
[Result "1-0"]
[WhiteElo "2349"]
[BlackElo "2210"]
[TimeControl "180+1"]
[EndTime "11:14:01 PST"]
[Termination "Skat2704 won by checkmate"]

1. d4 d5 2. c4 c6 3. Nf3 Nf6 4. Nc3 dxc4 5. a4 Bf5 6. e3 e6 7. Bxc4 Bb4 8. O-O O-O 9. Qe2 Bg6 10. Rd1 Nbd7 11. Ne5 Nxe5 12. dxe5 Nd5 13. e4 Bxc3 14. exd5 Bb4 15. dxe6 Qe7 16. exf7+ Bxf7 17. e6 Bg6 18. Be3 a5 19. Rd7 Qe8 20. e7+ Rf7 21. Bxf7+ Bxf7 22. Rxb7 Bxe7 23. Bd4 Bb4 24. Qg4 g6 25.
Qg5 Rd8 26. Qf6 Rxd4 27. Qxd4 Bd5 28. Qg7# 1-0

[Event "*** Titled Tuesday Blitz"]
[Site "Chess.com"]
[Date "2020.12.01"]
[Round "7"]
[White "anon569"]
[Black "Gogolev_Artemy"]
[Result "0-1"]
[WhiteElo "2276"]
[BlackElo "2415"]
[TimeControl "180+1"]
[EndTime "11:14:02 PST"]
[Termination "Gogolev_Artemy won on time"]

1. e4 c5 2. Nf3 Nf6 3. Nc3 d5 4. exd5 Nxd5 5. Bb5+ Bd7 6. Bxd7+ Qxd7 7. O-O Nc6 8. d3 g6 9. Bd2 Bg7 10. Re1 e6 11. Ne4 b6 12. Rb1 O-O 13. Qc1 Nd4 14. Nxd4 cxd4 15. Bh6 Rac8 16. Bxg7 Kxg7 17. Qd2 Rc6 18.
c3 dxc3 19. bxc3 Qe7 20. Qb2 f6 0-1

[Event "*** Titled Tuesday Blitz"]
[Site "Chess.com"]
[Date "2020.12.01"]
[Round "7"]
[White "Juanovic"]
[Black "TC2304"]
[Result "0-1"]
[WhiteElo "2172"]
[BlackElo "2332"]
[TimeControl "180+1"]
[EndTime "11:14:02 PST"]
[Termination "TC2304 won by resignation"]

1. e4 c5 2. Nf3 d6 3. d4 cxd4 4.
Nxd4 Nf6 5. Nc3 a6 6. Bg5 e6 7.
f4 Nbd7 8. Qf3 Qc7 9. O-O-O b5 10. g4 Bb7 11. Bxf6 Nxf6 12. g5 b4 13. gxf6 bxc3 14. Nb3 cxb2+ 15. Kb1 gxf6 16. Rg1 f5 17. Bd3 Qc3 18.
Qg2 Rc8 19. Qe2 fxe4 20. Bxe4 Bxe4 21. Qxe4 Qc4 22. Qxc4 Rxc4 23. Rdf1 Bh6 24. f5 e5 25.
f6 Kd7 26. Kxb2 Ke6 27. Rg3 Bf4 28. Rh3 Kxf6 29. Rh6+ Ke7 30. Rh4 Bc1+ 0-1

[Event "*** Titled Tuesday Blitz"]
[Site "Chess.com"]
[Date "2020.12.01"]
[Round "7"]
[White "rududuyk"]
[Black "r31415"]
[Result "0-1"]
[WhiteElo "2235"]
[BlackElo "2482"]
[TimeControl "180+1"]
[EndTime "11:14:05 PST"]
[Termination "r31415 won by resignation"]

1. e4 e5 2. Nf3 Nc6 3. Bb5 Nf6 4. O-O Nxe4 5. d4 Nd6 6. Bxc6 dxc6 7. dxe5 Nf5 8.
Qxd8+ Kxd8 9. Nc3 Ke8 10. Bf4 Be6 11.
Ne4 Rd8 12. Neg5 Bd5 13. Rfe1 Be7 14. e6 fxe6 15. Nxe6 Bxe6 16. Rxe6 Kf7 17. Rae1 Rd7 18. g4 Nd6 19. Ng5+ Bxg5 20. Bxg5 Re8 21. Rxe8 Nxe8 22.
Be3 Nf6 23. h3 Nd5 24. Bd4 Nf4 25. Bxa7 b6 26. Bb8 Nxh3+ 27. Kh2 Ng5 28. a4 Nf3+ 0-1

[Event "*** Titled Tuesday Blitz"]
[Site "Chess.com"]
[Date "2020.12.01"]
[Round "7"]
[White "SergeyShtyka"]
[Black "chessdjw"]
[Result "0-1"]
[WhiteElo "2449"]
[BlackElo "2651"]
[TimeControl "180+1"]
[EndTime "11:14:06 PST"]
[Termination "chessdjw won by checkmate"]

1. e4 c5 2. Nf3 d6 3. d4 cxd4 4. Nxd4 Nf6 5. Nc3 a6 6. Bc4 e6 7. O-O Be7 8. Be3 O-O 9. Bd3 b5 10. a3 Bb7 11. f4 Nbd7 12. Qf3 Nc5 13. Rae1 Re8 14. Kh1 Bf8 15. Bf2 g6 16. Bh4 Bg7 17.
Qg3 Nh5 18. Qg4 Qb6 19. Nf3 Nf6 20. Bxf6 Bxf6 21. f5 exf5 22. exf5 Nxd3 23. cxd3 Bxc3 24. bxc3 Qc5 25. fxg6 hxg6 26. Rxe8+ Rxe8 27. Ng5 Qf2 28. Qd1 Qxg2# 0-1

[Event "*** Titled Tuesday Blitz"]
[Site "Chess.com"]
[Date "2020.12.01"]
[Round "7"]
[White "Sergey85Rodchenkov"]
[Black "FMOlexandrProhorov"]
[Result "1-0"]
[WhiteElo "2452"]
[BlackElo "2212"]
[TimeControl "180+1"]
[EndTime "11:14:10 PST"]
[Termination "Sergey85Rodchenkov won by resignation"]

1. e4 c6 2. d4 d5 3. exd5 cxd5 4. c4 Nf6 5. Nc3 g6 6. Qb3 Bg7 7. cxd5 O-O 8. Be2 Nbd7 9. Bf3 Nb6 10. Bg5 Bg4 11. Bxf6 Bxf3 12. Nxf3 Bxf6 13. O-O Rc8 14. a4 Qd7 15. Ne5 Qf5 16. Rfe1 Rfd8 17. a5 Na8 18. Re3 Qf4 19. Rd1 b6 20. g3 Qf5 21. d6 e6 22.
Rf3 Qg5 23. h4 Qh5 24. Rxf6 1-0

[Event "*** Titled Tuesday Blitz"]
[Site "Chess.com"]
[Date "2020.12.01"]
[Round "7"]
[White "Gusarov91"]
[Black "Das_Virus_2020"]
[Result "1/2-1/2"]
[WhiteElo "2632"]
[BlackElo "2451"]
[TimeControl "180+1"]
[EndTime "11:14:11 PST"]
[Termination "Game drawn by repetition"]

1. e4 e6 2. d4 d5 3. Nc3 Nf6 4. Bg5 Be7 5. Bxf6 Bxf6 6. Nf3 dxe4 7. Nxe4 Bd7 8. Nxf6+ Qxf6 9. Ne5 O-O 10. Bd3 Rd8 11. O-O Nc6 12. Nxd7 Rxd7 13. c3 e5 14. d5 Ne7 15. c4 c6 16. Be4 Rad8 17. Qb3 cxd5 18.
cxd5 Nxd5 19. Bxd5 Rxd5 20. Qxb7 Qb6 21. Qxb6 axb6 22.
a4 Rd2 23. Rfb1 Rc2 24. b4 Rdd2 25. Rf1 Ra2 26. a5 bxa5 27. bxa5 Rxf2 28. Rfd1 Rxg2+ 29. Kf1 Rgf2+ 30. Kg1 Rg2+ 31. Kf1 Rgf2+ 32. Kg1 Rg2+ 1/2-1/2

[Event "*** Titled Tuesday Blitz"]
[Site "Chess.com"]
[Date "2020.12.01"]
[Round "7"]
[White "marciojor"]
[Black "tolimachess"]
[Result "1-0"]
[WhiteElo "2264"]
[BlackElo "2436"]
[TimeControl "180+1"]
[EndTime "11:14:16 PST"]
[Termination "marciojor won by resignation"]

1. e4 c5 2. Nf3 e6 3. d4 cxd4 4. Nxd4 a6 5. Nc3 Qc7 6. Be2 Nf6 7. O-O b5 8. f4 b4 9. e5 bxc3 10. exf6 gxf6 11. Bf3 Bb7 12. Bxb7 Qxb7 13. bxc3 Nc6 14. Be3 Qc7 15. Rb1 f5 16. Qe2 Be7 17. Nxc6 Qxc6 18.
Bd4 Rg8 19. Rb6 Qc7 20. Qf3 d5 21. Rfb1 Rc8 22. Rb7 Qc4 23. Qh5 Qe2 24. Qxe2 1-0

[Event "*** Titled Tuesday Blitz"]
[Site "Chess.com"]
[Date "2020.12.01"]
[Round "7"]
[White "LuckSlayeer"]
[Black "dretch"]
[Result "0-1"]
[WhiteElo "2587"]
[BlackElo "2824"]
[TimeControl "180+1"]
[EndTime "11:14:19 PST"]
[Termination "dretch won on time"]

1. e4 e6 2. d4 d5 3. Nc3 Nf6 4. Bg5 dxe4 5. Nxe4 Be7 6. Bxf6 Bxf6 7. Nf3 Nd7 8. Bd3 c5 9. Nd6+ Ke7 10. Ne4 Qa5+ 11.
c3 cxd4 12. O-O dxc3 13. bxc3 Rd8 14. Qc2 Ne5 15. Be2 Nxf3+ 16. Bxf3 Be5 17. Rab1 g6 18. c4 Rb8 19. Rb5 Qc7 20. Rc5 Bxh2+ 21. Kh1 Qf4 22. Ng5 Qd4 23. Rb5 Bc7 24. g3 Qf6 25. Qb3 a6 26.
Qa3+ Ke8 27. Rc5 Qe7 28. Ne4 b6 29. Rxc7 Qxa3 30. Nf6+ Kf8 0-1

[Event "*** Titled Tuesday Blitz"]
[Site "Chess.com"]
[Date "2020.12.01"]
[Round "7"]
[White "Nachsueb"]
[Black "aa175"]
[Result "0-1"]
[WhiteElo "2191"]
[BlackElo "2340"]
[TimeControl "180+1"]
[EndTime "11:14:19 PST"]
[Termination "aa175 won by resignation"]

1. c4 Nf6 2. d4 g6 3. Nc3 d5 4.
Nf3 Bg7 5. h4 c6 6. h5 Nxh5 7.
Rxh5 gxh5 8. Bg5 dxc4 9. Qd2 Nd7 10. Bh6 Bxh6 11. Qxh6 Qb6 12. O-O-O c5 13. Qg7 Qf6 14. Qg3 cxd4 15. Nd5 Qh6+ 16. Kb1 Kf8 17. Nxd4 Qg6+ 18. Qxg6 hxg6 19. e4 Nf6 20. Nxf6 exf6 21. Bxc4 h4 22. Nb5 Bg4 23. f3 h3 24. Rd7 Bxd7 0-1

[Event "*** Titled Tuesday Blitz"]
[Site "Chess.com"]
[Date "2020.12.01"]
[Round "7"]
[White "jacky72"]
[Black "DraG0s3L"]
[Result "1-0"]
[WhiteElo "2723"]
[BlackElo "2546"]
[TimeControl "180+1"]
[EndTime "11:14:20 PST"]
[Termination "jacky72 won by resignation"]

1. d4 Nf6 2. c4 e6 3. Nf3 d5 4. Nc3 Be7 5. Bg5 O-O 6. cxd5 exd5 7. Qc2 c6 8. e3 h6 9. Bh4 Nbd7 10. Bd3 Re8 11. h3 Ne4 12. Bxe7 Qxe7 13. Bxe4 dxe4 14. Nd2 Nf6 15. O-O Bf5 16. Rab1 Qd7 17. Kh2 Qd6+ 18. Kg1 Qd7 19. Rfc1 a5 20. Nf1 Be6 21. Na4 Bxa2 22. Ra1 Bd5 23. Nb6 Qc7 24. Nxa8 Rxa8 25. Qc5 a4 26.
Nd2 Qd8 27. Nc4 b5 28. Nb6 Rb8 29. Nxd5 cxd5 30. Qc7 Qe8 31. Rc6 Kh7 32. Rac1 b4 33. Qa7 a3 34. bxa3 b3 35. Qc5 b2 36. Rb1 Rb3 37.
a4 Qa8 38. a5 Qb8 39. Rb6 Rxb6 40. Qxb6 1-0

[Event "*** Titled Tuesday Blitz"]
[Site "Chess.com"]
[Date "2020.12.01"]
[Round "7"]
[White "akanga001"]
[Black "TheKingDoctor"]
[Result "0-1"]
[WhiteElo "1929"]
[BlackElo "2071"]
[TimeControl "180+1"]
[EndTime "11:14:20 PST"]
[Termination "TheKingDoctor won by resignation"]

1. d4 Nf6 2. c4 g6 3. Nc3 Bg7 4. e4 d6 5. Be2 O-O 6. Nf3 e5 7. O-O Qe8 8. d5 a5 9. Ne1 Na6 10. Nd3 Nd7 11. Bd2 f5 12. Qc1 f4 13. f3 g5 14. a3 Nac5 15. Rb1 Nb3 16. Qd1 Nxd2 17. Qxd2 b6 18. b4 axb4 19. axb4 Nf6 20. Rfc1 g4 21.
fxg4 Nxg4 22. Bxg4 Bxg4 23. c5 bxc5 24. bxc5 f3 25.
g3 Qg6 26. Nf2 Bh6 27. cxd6 Bxd2 28. Rc2 Be3 29. dxc7 Rac8 30. Nb5 Bxf2+ 31. Kxf2 Qxe4 32. Rbc1 Qxd5 33. Na7 Qd4+ 34. Kf1 Qxa7 0-1

[Event "*** Titled Tuesday Blitz"]
[Site "Chess.com"]
[Date "2020.12.01"]
[Round "7"]
[White "woodhy"]
[Black "FMalexhdez"]
[Result "1-0"]
[WhiteElo "2463"]
[BlackElo "2296"]
[TimeControl "180+1"]
[EndTime "11:14:21 PST"]
[Termination "woodhy won by resignation"]

1. e4 c5 2. Nf3 d6 3. d4 cxd4 4. Nxd4 Nf6 5. f3 a6 6. c4 e5 7. Nc2 Be6 8. Nc3 Nbd7 9. Be3 Rc8 10. b3 Be7 11. Rc1 O-O 12. Bd3 Qa5 13. Qd2 b5 14. O-O bxc4 15. Nd5 Qd8 16. Bxc4 Nxd5 17. Bxd5 Bxd5 18.
Qxd5 Nb6 19. Qa5 Nd7 20. Qd2 f5 21. exf5 Rxf5 22. Nb4 Rxc1 23. Rxc1 Rh5 24. Qd5+ Kf8 25. Nxa6 Nc5 26. Nxc5 dxc5 27. Qxd8+ Bxd8 28. Bxc5+ Ke8 29. b4 Rf5 30. a4 Rf4 31. a5 Kd7 32. a6 1-0

[Event "*** Titled Tuesday Blitz"]
[Site "Chess.com"]
[Date "2020.12.01"]
[Round "7"]
[White "amatatanav"]
[Black "Roza_Idrisova"]
[Result "0-1"]
[WhiteElo "2393"]
[BlackElo "2196"]
[TimeControl "180+1"]
[EndTime "11:14:24 PST"]
[Termination "Roza_Idrisova won by checkmate"]

1. e4 c6 2. Nc3 d5 3. Nf3 a6 4. d4 Bg4 5. Bd3 e6 6. h3 Bh5 7. O-O Nf6 8. Re1 Be7 9. Bg5 dxe4 10. Nxe4 Nbd7 11. c3 O-O 12. Qb3 Bxf3 13. gxf3 b5 14.
Kh1 Nd5 15. Bd2 N7f6 16. Rg1 Kh8 17. a4 Nh5 18. Rae1 Nhf4 19. Bf1 f5 20. Ng3 Bd6 21.
Ne2 Nd3 22. Ra1 Nxf2+ 23. Kg2 Qh4 24. Be1 Ne3# 0-1

[Event "*** Titled Tuesday Blitz"]
[Site "Chess.com"]
[Date "2020.12.01"]
[Round "7"]
[White "Road2GM3000"]
[Black "Blitzking642"]
[Result "1-0"]
[WhiteElo "2132"]
[BlackElo "2220"]
[TimeControl "180+1"]
[EndTime "11:14:24 PST"]
[Termination "Road2GM3000 won by resignation"]

1. d4 Nf6 2. c4 e6 3. Nc3 Bb4 4. Nf3 b6 5. Bg5 Bb7 6. Nd2 h6 7. Bh4 Be7 8. f3 d5 9. cxd5 exd5 10. e3 O-O 11. Bd3 c5 12. O-O Re8 13. Kh1 Nc6 14.
dxc5 bxc5 15. e4 dxe4 16. Ndxe4 Nxe4 17. Bxe7 Rxe7 18. Bxe4 Nd4 19. Bxb7 Rxb7 20. b3 Rd7 21. Ne4 Nf5 22. Qc1 Rc8 23. Qc3 Rd3 24. Qe5 Rd5 25.
Qf4 g5 26. Qg4 Ne3 27. Qh5 Nxf1 28. Qxh6 Rd1 29. Rxd1 Ng3+ 30. hxg3 Qxd1+ 31. Kh2 f5 32. Qg6+ Kh8 33. Qf6+ Kh7 34. Nxg5+ 1-0